 Dungeon Crawl Stone Soup version 0.17-a0-1617-gfba1302 (webtiles) character file.

70 nrokreffefp the Sneak (level 4, -4/29 HPs)
             Began as a Kobold Assassin on Aug 1, 2015.
             Slain by an orc
             ... wielding a +0 whip
              (5 damage)
             ... on level 2 of the Dungeon.
             The game lasted 00:04:48 (1894 turns).

nrokreffefp the Sneak (Kobold Assassin)             Turns: 1894, Time: 00:04:48

Health: -4/29      AC:  3    Str:  9    XL:     4   Next: 44%
Magic:  4/4        EV: 14    Int:  9    God:
Gold:   78         SH:  0    Dex: 18    Spells: 0 memorised, 3 levels left

rFire  . . .     SeeInvis .     a - +2 dagger
rCold  . . .     Clarity  .     c - +0 robe
rNeg   . . .     SustAt   .     (shield restricted)
rPois  .         Gourm    .     (no helmet)
rElec  .         Spirit   .     d - +0 cloak
rCorr  .         Warding  .     (no gloves)
rMut   .         Stasis   .     (no boots)
MR     .....                    (no amulet)
Stlth  +++.......               (no ring)
                                (no ring)

@: slowed, very slow, not resistant to hostile enchantments, fairly stealthy
A: carnivore 3
a: no special abilities


You were on level 2 of the Dungeon.
You were full.

You visited 1 branch of the dungeon, and saw 3 of its levels.

You collected 78 gold pieces.

Inventory:

Hand weapons
 a - a +2 dagger (weapon)
 b - a +0 blowgun
Missiles
 e - 8 poisoned needles
 f - 2 curare-tipped needles
Armour
 c - a +0 robe (worn)
 d - a +0 cloak (worn)
Scrolls
 n - a scroll of teleportation {unknown}
 q - a scroll of magic mapping {unknown}
 r - a scroll of fear {unknown}
 s - 4 scrolls of identify {unknown}
Potions
 h - 2 potions of might {unknown}
 i - 2 potions of curing {unknown}
 j - 2 potions of agility {unknown}
 k - a potion of beneficial mutation {unknown}
 l - a potion of degeneration {unknown}
 o - 2 potions of mutation {unknown}
Comestibles
 g - 2 meat rations
 m - 2 bread rations
 p - a beef jerky


   Skills:
 * Level 4.1 Fighting
 + Level 4.0 Short Blades
 - Level 2.6 Throwing
 - Level 1.2 Dodging
 - Level 5.3 Stealth


You had 3 spell levels left.
You didn't know any spells.

Dungeon Overview and Level Annotations

Branches:
Dungeon (3/15)

Altars:


Innate Abilities, Weirdness & Mutations

You are small and have problems with some larger weapons.
You are carnivorous and can eat meat at any time.


Message History

The orc is severely wounded.
The orc misses you.
You barely miss the orc.
The orc is severely wounded.
The orc closely misses you. The orc hits you with a whip.
* * * LOW HITPOINT WARNING * * *
You climb upwards.
There is a stone staircase leading down here.
You are too injured to fight recklessly!
You are too injured to fight recklessly!
You barely miss the orc.
The orc is severely wounded.
The orc hits you with a whip.
* * * LOW HITPOINT WARNING * * *
The orc misses you.
You hit the orc.
The orc is almost dead.
The orc hits you with a whip.
You die...

#...............#....#####
#........................##
#...............##........######
##...............##.#........(((#
.........###.######.....>..####.(
##.......##..######..............
##.#####..........#........#.....
.#.### #........o................
.....####...###.@.#........###...
..##............#................
.##.........####.................
.#..##......##...#.##.......###..
...##..........#.....#......# ##.
............####........#...# #.
.#####....)....#......##..### ##
.....#....#................######
.....................<....)......


You could see an orc.

Vanquished Creatures
  An adder (D:2)
  An ooze (D:3)
  2 worms (D:2)
  An orc (D:3)
  2 ball pythons
  9 bats
  2 giant cockroaches (D:1)
  5 hobgoblins
  4 jackals
  6 kobolds
  5 giant newts
  6 goblins
  5 rats
49 creatures vanquished.

Notes
Turn   | Place    | Note
--------------------------------------------------------------
     0 | D:1      | nrokreffefp the Kobold Assassin began the quest for the Orb.
     0 | D:1      | Reached XP level 1. HP: 12/12 MP: 1/1
   139 | D:1      | Reached XP level 2. HP: 16/18 MP: 2/2
   561 | D:1      | Reached XP level 3. HP: 21/23 MP: 3/3
  1144 | D:2      | Reached XP level 4. HP: 14/29 MP: 4/4
  1893 | D:2      | HP: 1/29 [orc/whip (4)]
  1894 | D:2      | Slain by an orc

Vault maps used:
D:1:      evilmike_arrival_crescent
D:3:      lemuel_upstairs_altar, first_bread, portal_sewer_entry_d

Action                   |  1- 3 |  4- 6 || total
-------------------------+-------+-------++-------
Melee: Dagger            |    99 |    66 ||   165
 Fire: Blowgun           |       |     2 ||     2
 Stab: Sleeping          |     5 |     4 ||     9
       Distracted        |     1 |       ||     1
  Eat: Chunk             |     2 |     7 ||     9
